 Dungeon Crawl Stone Soup version 0.17-a0-764-gd40c196 (console) character file.

332 sose the Conjurer (level 6, 0/36 HPs)
             Began as a High Elf Conjurer on Apr 23, 2015.
             Killed by Freeze
             ... invoked by sose's ghost
              (10 damage)
             ... on level 4 of the Dungeon.
             The game lasted 00:06:28 (2798 turns).

sose the Conjurer (High Elf Conjurer)               Turns: 2798, Time: 00:06:28

Health: 0/36       AC:  6    Str:  7    XL:     6   Next: 26%
Magic:  4/12       EV: 12    Int: 22    God:
Gold:   249        SH:  0    Dex: 15    Spells: 4 memorised, 2 levels left

rFire  . . .     SeeInvis .     d - +4 short sword
rCold  . . .     Clarity  +     a - +0 robe
rNeg   + . .     SustAb   .     (no shield)
rPois  .         Gourm    .     (no helmet)
rElec  .         Spirit   .     s - +0 cloak
rCorr  .         Warding  .     z - +0 pair of gloves
rMut   .         Stasis   .     (no boots)
MR     .....                    u - amulet of clarity
Stlth  ++........               y - +2 ring of protection
                                D - ring of positive energy

@: not resistant to hostile enchantments, unstealthy
A: no striking features
a: no special abilities


You were on level 4 of the Dungeon.
You were not hungry.

You visited 1 branch of the dungeon, and saw 4 of its levels.

You collected 249 gold pieces.

Inventory:

Hand weapons
 d - a +4 short sword (weapon)
 v - a +0 dagger of chaos
 C - a +0 falchion
Missiles
 w - 5 steel tomahawks (quivered)
Armour
 a - a +0 robe (worn)
 s - a +0 cloak (worn)
 z - a +0 pair of gloves (worn)
Jewellery
 m - an uncursed ring of teleportation
 u - an amulet of clarity (around neck)
 y - a +2 ring of protection (right hand)
 D - a ring of positive energy (left hand)
Scrolls
 e - 3 scrolls of identify
 g - a scroll of random uselessness {unknown}
 h - 2 scrolls of remove curse
 n - a scroll of enchant weapon {unknown}
 o - 3 scrolls of teleportation {unknown}
 p - 3 scrolls of recharging {unknown}
 t - a scroll of magic mapping {unknown}
Potions
 f - a potion of lignification {unknown}
 i - a potion of mutation {unknown}
 j - 3 potions of curing
 k - a potion of resistance {unknown}
 l - a potion of agility {unknown}
 q - a potion of might {unknown}
 r - 2 potions of poison {unknown}
 A - a potion of flight {unknown}
 E - 2 potions of haste {unknown}
Books
 b - a book of Conjurations

   Spells                             Type                      Level
   a - Magic Dart                     Conjuration                  1
   b - Searing Ray                    Conjuration                  2
   c - Dazzling Spray                 Conjuration/Hexes            3
   d - Fulminant Prism                Conjuration/Hexes            4
   e - Iskenderun's Mystic Blast      Conjuration                  4
   f - Iskenderun's Battlesphere      Conjuration/Charms           5
Comestibles
 c - 2 bread rations
 x - a royal jelly
 B - 4 chunks of flesh


   Skills:
 - Level 2.1 Dodging
 - Level 2.1 Stealth
 + Level 3.6 Spellcasting
 + Level 7.8 Conjurations


You had 2 spell levels left.
You knew the following spells:

 Your Spells              Type           Power        Failure   Level  Hunger
a - Magic Dart            Conj           ####         1%          1    None
b - Searing Ray           Conj           #####.       1%          2    #......
c - Dazzling Spray        Conj/Hex       ###.....     10%         3    ###....
d - Iskenderun's Mystic   Conj           #####...     6%          4    ####...


Dungeon Overview and Level Annotations

Branches:
Dungeon (4/15)
 Temple: D:4-7

Altars:
Dithmenos
Fedhas
Makhleb
Sif Muna
Xom

Annotations:
D:4 sose's ghost, average VSIE


Message History

You are frozen.
Casting: Iskenderun's Mystic Blast
Confirm with . or Enter, or press ? or * to list all spells.
Aiming: Iskenderun's Mystic Blast
Press: ? - help, Shift-Dir - straight line, f - sose's ghost
Aim: sose's ghost, wielding a weapon of protection The orb of energy hits sose's ghost.
Sose's ghost is moderately damaged.
The orb of energy explodes!
Sose's ghost hits you.
* * * LOW HITPOINT WARNING * * *
Casting: Iskenderun's Mystic Blast
Confirm with . or Enter, or press ? or * to list all spells.
Aiming: Iskenderun's Mystic Blast
Press: ? - help, Shift-Dir - straight line, f/p - sose's ghost
Aim: sose's ghost, wielding a weapon of protection (moderately damaged)
The orb of energy hits sose's ghost.
Sose's ghost is severely damaged.
Sose's ghost gestures at you while chanting.
You are frozen.
You die...

.#.## #####.## ..... #......
# .... #....# .# ##..
#....##.# #.#...###.......#
#.............#####
.....#..####.#.#... .
##..###.#.#W####### ⌠.
##...#.#.@...#...######
....'##..#.#.#######.#......#
......#..##...# #.#......#
.P≈≈P......####
#####.#......# ...P........##
#.....#......# ....#.#.#...#
##.#####......####
#####.......###....#
#.......... #.#...))).#.)..#
#......#### ###...###.#....#
#)##.###


You could see sose's ghost.

Vanquished Creatures
  A crimson imp (D:3)
  Crazy Yiuf (D:2)
  An orc priest (D:4)
  2 orc wizards (D:4)
  A worker ant (D:4)
  Terence (D:3)
  Natasha (D:2)
  3 adders (D:2)
  2 worms
  2 giant geckos
  11 orcs
  8 goblins
  7 hobgoblins
  7 kobolds
  A quokka (D:2)
  8 bats
  A giant cockroach (D:3)
  5 giant newts
  5 rats
  2 butterflies (D:1)
70 creatures vanquished.

Notes
Turn   | Place    | Note
--------------------------------------------------------------
     0 | D:1      | sose, the High Elf Conjurer, began the quest for the Orb.
     0 | D:1      | Reached XP level 1. HP: 11/11 MP: 4/4
   254 | D:1      | Reached XP level 2. HP: 9/17 MP: 6/6
   258 | D:1      | Learned a level 2 spell: Searing Ray
   499 | D:1      | Reached skill level 5 in Conjurations
   839 | D:2      | Reached XP level 3. HP: 21/21 MP: 7/7
   860 | D:2      | Learned a level 3 spell: Dazzling Spray
  1037 | D:2      | Noticed Natasha
  1047 | D:2      | Killed Natasha
  1047 | D:2      | Reached skill level 6 in Conjurations
  1107 | D:2      | Found a blossoming altar of Fedhas.
  1110 | D:2      | Reached XP level 4. HP: 20/27 MP: 4/8
  1240 | D:2      | Found a shadowy altar of Dithmenos.
  1536 | D:2      | Noticed Crazy Yiuf
  1539 | D:2      | Killed Crazy Yiuf
  1613 | D:3      | Noticed Terence
  1628 | D:3      | Killed Terence
  1628 | D:3      | Reached skill level 7 in Conjurations
  1628 | D:3      | Reached XP level 5. HP: 18/31 MP: 1/9
  1861 | D:3      | Found a burning altar of Makhleb.
  1869 | D:3      | Found a shimmering altar of Xom.
  2240 | D:3      | Found a deep blue altar of Sif Muna.
  2598 | D:4      | Learned a level 4 spell: Iskenderun's Mystic Blast
  2638 | D:4      | Reached XP level 6. HP: 36/36 MP: 6/11
  2796 | D:4      | Noticed sose's ghost (average VSIE)
  2798 | D:4      | Killed from afar by sose's ghost

Action                   |  1- 3 |  4- 6 || total
-------------------------+-------+-------++-------
Melee: Short sword       |    40 |    65 ||   105
 Cast: Magic Dart        |    18 |    14 ||    32
       Searing Ray       |     3 |    12 ||    15
       Iskenderun's Myst |       |     3 ||     3
  Use: Scroll            |       |     3 ||     3
 Stab: Sleeping          |     5 |     2 ||     7
  Eat: Chunk             |     1 |     3 ||     4
       Beef jerky        |       |     1 ||     1
       Pizza             |       |     1 ||     1
